Map: [ESL] Moondance

Players

Elazer - Winner!

  • Race: Zerg Zerg
  • Spawn Location: 6:00

YoungYakov

  • Race: Zerg Zerg
  • Spawn Location: 12:00

Event: DreamHack SC2 Masters 2022 Atlanta (Online)

VOD

Have the link to the VOD?

Description

Time

  • Played on: Sept. 30, 2022, 12:01 p.m.
  • Length: 8:01

All games in this series

Show
View Real Time Build Order
Export as new Build Order

Elazer Zerg - Winner!

Build Orders: Pool First 

Get SALT Encoding   

  12  0:00  Drone  
  13  0:12  Overlord  
  13  0:16  Drone  
  14  0:30  Drone x2  
  16  0:39  Spawning Pool  
  15  0:44  Drone  
  15  0:47  Drone  
  17  1:07  Hatchery  
  17  1:10  Drone  
  17  1:27  Zergling x4  
  17  1:28  Zergling x2, Queen  
  22  1:48  Hatchery  
  21  1:54  Overlord  
  21  1:58  Drone  
  22  2:18  Drone x2  
  22  2:21  Queen  
  22  2:22  Drone x2  
  28  2:31  Drone  
  28  2:36  Drone x3  
  31  2:48  Drone x3  
  33  2:52  Drone  
  33  2:58  Queen  
  33  3:01  Drone  
  33  3:02  Drone  
  37  3:09  Extractor x2  
  37  3:10  Drone x5  
  37  3:11  Drone  
  41  3:16  Drone  
  41  3:18  Overlord  
  42  3:33  Overlord  
  42  3:37  Drone x7  
  42  3:41  Roach Warren  
  48  3:42  Drone x2  
  50  3:49  Overlord  
  50  3:51  Drone x2  
  50  3:54  Lair  
  52  4:00  Extractor  
  52  4:02  Drone x4  
  55  4:03  Extractor  
  55  4:04  Drone x2  
  55  4:07  Drone x2  
  58  4:10  Drone x2  
  58  4:16  Drone  
  58  4:17  Drone  
  62  4:18  Overlord  
  62  4:21  Overlord  
  62  4:24  Drone x2  
  62  4:28  Overlord  
  62  4:29  Roach  
  66  4:34  Overlord  
  66  4:40  Overlord x2  
  66  4:41  Roach x4  
  66  4:45  Roach x2  
  78  4:49  Roach x2  
  78  4:50  Roach  
  78  4:52  Roach x2  
  88  4:55  Roach  
  88  4:59  Spine Crawler  
  89  5:00  Roach x2  
  89  5:06  Roach x2  
  97  5:09  Roach Warren  
  97  5:14  Roach x4  
  98  5:20  Roach x3  
  106  5:23  Roach  
  106  5:27  Roach x3  
  112  5:30  Roach  
  112  5:35  Overlord  
  114  5:36  Spine Crawler  
  114  5:39  Ravager  
  114  5:40  Roach  
  114  5:48  Glial Reconstitution  
  114  5:50  Overlord x2  
  114  5:55  Roach x4  
  123  6:05  Tunneling Claws  
  123  6:06  Burrow  
  123  6:07  Overlord  
  123  6:09  Roach  
  123  6:10  Overlord  
  123  6:11  Overlord  
  125  6:12  Roach  
  125  6:13  Roach  
  125  6:18  Overseer  
  129  6:22  Overlord x2  
  129  6:28  Roach x3  
  137  6:33  Roach  
  137  6:35  Overlord  
  137  6:37  Roach  
  139  6:43  Roach x3  
  145  6:47  Roach x5  
  145  6:50  Roach  
  145  6:51  Hatchery  
  145  6:52  Overlord  
  156  6:54  Roach  
  158  7:02  Roach x3  
  158  7:04  Roach x15  
  164  7:09  Roach x4  
  164  7:12  Roach x14  
  164  7:13  Roach x2  
  164  7:15  Overlord  
  176  7:21  Roach x3  
  182  7:25  Roach  
  182  7:27  Roach x3  
  186  7:30  Roach x2  
  186  7:31  Roach x6  
Show
View Real Time Build Order
Export as new Build Order

YoungYakov Zerg 

Build Orders: Hatch First 

Get SALT Encoding   

  12  0:00  Drone  
  13  0:12  Overlord  
  13  0:16  Drone  
  14  0:30  Drone x2  
  16  0:47  Hatchery  
  15  0:51  Drone  
  15  0:55  Drone  
  17  1:09  Spawning Pool  
  17  1:11  Drone  
  17  1:14  Extractor  
  17  1:16  Drone  
  17  1:19  Drone  
  18  1:29  Drone  
  19  1:40  Drone  
  20  1:52  Overlord  
  20  1:55  Queen  
  20  1:59  Zergling x2, Queen  
  20  2:00  Zergling x2  
  26  2:12  Drone x2  
  28  2:34  Drone x2  
  28  2:35  Drone x2  
  32  2:39  Queen  
  34  2:48  Overlord  
  33  2:53  Evolution Chamber  
  32  3:00  Lair  
  32  3:02  Drone  
  32  3:03  Overlord  
  32  3:05  Overlord  
  33  3:09  Extractor  
  33  3:10  Drone x2  
  34  3:17  Roach Warren  
  33  3:23  Zerg Missile Weapons Level 1  
  33  3:26  Drone  
  33  3:27  Drone  
  35  3:30  Drone  
  35  3:33  Drone  
  35  3:34  Drone  
  38  3:37  Drone  
  38  3:40  Drone  
  38  3:41  Drone  
  41  3:58  Roach x5  
  41  4:02  Glial Reconstitution  
  53  4:10  Roach x2  
  53  4:14  Roach  
  53  4:15  Roach  
  59  4:21  Overlord  
  59  4:22  Overlord  
  59  4:25  Overlord  
  58  4:32  Overlord  
  58  4:38  Roach  
  60  4:42  Roach x4  
  68  4:50  Roach x2  
  72  4:54  Roach  
  72  4:57  Roach  
  76  5:02  Roach  
  78  5:12  Roach  
  78  5:13  Roach  
  78  5:19  Queen, Roach x2  
  82  5:33  Drone x4  
  86  5:40  Hatchery  
  86  5:42  Roach x3  
  91  5:50  Overlord, Extractor  
  91  5:52  Extractor  
  91  5:53  Drone x3  
  90  6:06  Roach  
  90  6:10  Drone x3  
  95  6:14  Overlord  
  95  6:18  Drone x2  
  97  6:22  Roach  
  97  6:23  Overlord  
  97  6:25  Overlord  
  99  6:29  Overlord  
  99  6:34  Burrow  
  99  6:35  Tunneling Claws  
  99  6:39  Drone  
  101  6:40  Drone  
  101  6:45  Drone  
  102  6:49  Drone  
  102  6:50  Drone x3  
  102  6:51  Drone x2  
  102  6:52  Drone  
  109  6:57  Drone x2  
  111  7:08  Roach x3  
  117  7:13  Roach  
  119  7:18  Roach x4  
  119  7:21  Overseer  
  127  7:23  Spore Crawler  
  127  7:26  Roach x4  
  132  7:32  Roach x2  
  132  7:34  Evolution Chamber  
  135  7:41  Overseer  
Tags
 
Add a new tag
Caveats
  • Supply blocks, unpowered buildings, or Contaminate may cause inaccurate times.
  • Supply counts are checked every 10 seconds.